 Dungeon Crawl Stone Soup version 0.20.1-1-g8b1a95d (webtiles) character file.

21 Jannitor the Chiller (level 2, -1/27 HPs)
             Began as an Ogre Ice Elementalist on July 4, 2017.
             Slain by a worm (10 damage)
             ... on level 1 of the Dungeon.
             The game lasted 00:01:56 (999 turns).

Jannitor the Chiller (Ogre Ice Elementalist)         Turns: 999, Time: 00:01:56

Health: -1/27      AC:  3    Str: 17    XL:     2   Next: 83%
Magic:  2/6        EV: 10    Int: 16    God:
Gold:   63         SH:  0    Dex:  9    Spells: 4/7 levels left

rFire    + . .     SeeInvis .   (no weapon)
rCold    + . .     Gourm    .   (no shield)
rNeg     . . .     Faith    .   a - +0 robe
rPois    .         Spirit   .   (helmet restricted)
rElec    .         Reflect  .   g - scarf {rC+ rF+}
rCorr    .         Harm     .   (gloves unavailable)
MR       .....                  (boots unavailable)
Stlth    +.........             (no amulet)
Regen    0.1/turn               e - +6 ring of strength (curse)
MPRegen  0.1/turn               n - ring of wizardry

@: no status effects
A: unfitting armour, tough skin 1
a: no special abilities


You were on level 1 of the Dungeon.
You were hungry.

You visited 1 branch of the dungeon, and saw 1 of its levels.

You collected 63 gold pieces.

Inventory:

Armour
 a - a +0 robe (worn)
 g - a scarf of resistance (worn)
Jewellery
 e - a cursed +6 ring of strength (left hand)
 n - a ring of wizardry (right hand)
Scrolls
 d - 2 scrolls of teleportation {unknown}
 h - a scroll of identify {unknown}
 j - a scroll of noise {unknown}
Potions
 f - a potion of degeneration {unknown}
 i - a potion of haste {unknown}
Books
 b - a book of Frost

   Spells                             Type                      Level
   a - Freeze                         Ice                          1
   b - Throw Frost                    Conjuration/Ice              2
   c - Ozocubu's Armour               Charms/Ice                   3
   d - Throw Icicle                   Conjuration/Ice              4
   e - Summon Ice Beast               Ice/Summoning                4
Comestibles
 c - a bread ration
 k - a meat ration
 l - 4 fruits
 m - a royal jelly


   Skills:
 + Level 1.5 Fighting
 - Level 1.7 Dodging
 - Level 1.4 Stealth
 + Level 3.0 Spellcasting
 - Level 0.8 Conjurations
 + Level 3.0 Ice Magic


You had 4 spell levels left.
You knew the following spells:

 Your Spells              Type           Power        Failure   Level  Hunger
a - Freeze                Ice            ##..         2%          1    #......
b - Throw Frost           Conj/Ice       #.....       5%          2    ##.....


Dungeon Overview and Level Annotations

Branches:
Dungeon (1/15)

Altars:


Innate Abilities, Weirdness & Mutations

You are too large for most types of armour.
You have tough skin. (AC +1)


Message History

Aim: a worm (lightly wounded)
You freeze the worm.
The worm is moderately wounded.
The worm closely misses you.
Casting: Freeze
Confirm with . or Enter, or press ? or * to list all spells.
Aiming: Freeze
Press: ? - help, Shift-Dir - straight line, f/p - worm
Aim: a worm (lightly wounded)
You freeze the worm.
The worm is heavily wounded.
Casting: Freeze
Confirm with . or Enter, or press ? or * to list all spells.
Aiming: Freeze
Press: ? - help, Shift-Dir - straight line, f/p - worm
Aim: a worm (heavily wounded)
You freeze the worm.
The worm is severely wounded.
The worm bites you!
You die...

# ####.#.##(.# #.# #..# #.## #
#.#.##..###.# #..# #... #
#.#....(.##.# #..# ###### #
#.####...##.# #..###..... # #.#
#...##.####..#...#### ##
#.####............#.#..... .##
#.....).....#####.#.#.....
#.###########.#.########.#.#..###
##....##........@.............##.
#.###.##.####.#w############.###.
.####.##.# #.#.##### #.# #.
......##.# #.#.....# #.# #.
########.# #.#####.# #.###. # #.#
#.# #.########..... # ###.#
#.#####.#............ # #...#
#.......w.#######.... # #.###
#.......### #.###


You could see a worm.

Vanquished Creatures
  A ball python (D:1)
  6 bats (D:1)
  A giant cockroach (D:1)
  A hobgoblin (D:1)
  5 kobolds (D:1)
  3 goblins (D:1)
  3 rats (D:1)
20 creatures vanquished.

Notes
Turn   | Place    | Note
-------+----------+-------------------------------------------
     0 | D:1      | Jannitor the Ogre Ice Elementalist began the quest for the Orb.
     0 | D:1      | Reached XP level 1. HP: 16/16 MP: 3/3
   304 | D:1      | Reached skill level 1 in Fighting
   304 | D:1      | Reached XP level 2. HP: 27/27 MP: 0/5
   801 | D:1      | Learned a level 2 spell: Throw Frost
   999 | D:1      | Slain by a worm

Skill      XL: |  1  2 |
---------------+-------+-----
Fighting       | 1 |  1.5
Ice Magic      | 3 |  3.0
Spellcasting   | 3 |  3.0
Dodging        | |  1.7
Stealth        | |  1.4
Conjurations   | |  0.8

Action                   || total
-------------------------++-------
Melee: Unarmed           ||     7
 Cast: Freeze            ||    34
       Throw Frost       ||     4
Armor: Robe              ||    15
Dodge: Dodged            ||    33
